TOP OF THE 1ST |
Virginia Beach Whales batting - Pitching for St. Petersburg Thunder : RHP Héctor Marroquín
|
Pitching: RHP Héctor Marroquín
|
|
Batting: RHB Daniel MacKinder
|
0-0: Called Strike 0-1: Ball 1-1: Bunt for hit to 23 - play at first, batter safe!
|
Batting: LHB Kalino Iolana
|
0-0: Foul Ball, location: 2F 0-1: Ball 1-1: Ground out 4-3 (Groundball, 4, EV 83.8 MPH) Daniel MacKinder to second
|
Batting: RHB Óscar Cardozo
|
0-0: Ball 1-0: Called Strike 1-1: Foul Ball, location: 2F 1-2: Ball 2-2: Ball 3-2: Ground out 6-3 (Groundball, 6, EV 94.4 MPH) Daniel MacKinder to third
|
Batting: RHB Paul Pitts
|
0-0: Called Strike 0-1: Foul Ball, location: 2F 0-2: Ball 1-2: Ball 2-2: Foul Ball, location: 2F 2-2: Foul Ball, location: 2F 2-2: Strikes out swinging
|
Top of the 1st over - 0 runs, 1 hit, 0 errors, 1 left on base; Virginia Beach 0 - St. Petersburg 0 |
BOTTOM OF THE 1ST |
St. Petersburg Thunder batting - Pitching for Virginia Beach Whales : LHP Remco Mansvelt
|
Pitching: LHP Remco Mansvelt
|
|
Batting: SHB Leonard Davis
|
0-0: Ball 1-0: Ball 2-0: Called Strike 2-1: DOUBLE (Flyball, 78XD, EV 115.6 MPH)
|
Batting: RHB Alfred Coleman
|
0-0: Ball 1-0: Foul Ball, location: 2F 1-1: Ground out 6-3 (Groundball, 6D, EV 83.8 MPH) Leonard Davis to third
|
Batting: RHB Patrício Gerardes
|
0-0: Called Strike 0-1: Swinging Strike 0-2: Foul Ball, location: 2F 0-2: Ball 1-2: Strikes out swinging
|
Batting: RHB António Hierro
|
0-0: Ball 1-0: Ball 2-0: Foul Ball, location: 2F 2-1: Ground out 4-3 (Groundball, 34, EV 105.0 MPH)
|
Bottom of the 1st over - 0 runs, 1 hit, 0 errors, 1 left on base; Virginia Beach 0 - St. Petersburg 0 |
TOP OF THE 2ND |
Virginia Beach Whales batting - Pitching for St. Petersburg Thunder : RHP Héctor Marroquín
|
Batting: RHB Juan Oleastro
|
0-0: Ball 1-0: Ground out 6-3 (Groundball, 6, EV 88.8 MPH)
|
Batting: LHB Asberry Harpending
|
0-0: Foul Ball, location: 2F 0-1: Foul Ball, location: 2F 0-2: Ball 1-2: Fly out, F4 (Popup, 34D, EV 61.2 MPH)
|
Batting: RHB Nick Harper
|
0-0: Ball 1-0: Foul Ball, location: 2F 1-1: Foul Ball, location: 2F 1-2: Ball 2-2: DOUBLE (Line Drive, 89XD, EV 103.8 MPH)
|
Batting: RHB Jessie Gibbs
|
0-0: Called Strike 0-1: Fly out, F8 (Flyball, 89M, EV 86.2 MPH)
|
Top of the 2nd over - 0 runs, 1 hit, 0 errors, 1 left on base; Virginia Beach 0 - St. Petersburg 0 |
BOTTOM OF THE 2ND |
St. Petersburg Thunder batting - Pitching for Virginia Beach Whales : LHP Remco Mansvelt
|
Batting: SHB Fernando Urby
|
0-0: Swinging Strike 0-1: Called Strike 0-2: Strikes out swinging
|
Batting: RHB Juan Guzmán
|
0-0: Called Strike 0-1: Ball 1-1: Ball 2-1: Ball 3-1: Fly out, F7 (Flyball, 78M, EV 83.1 MPH)
|
Batting: LHB Caspar Fewings
|
0-0: Foul Ball, location: 2F 0-1: Foul Ball, location: 2F 0-2: SINGLE (Groundball, 34D, EV 103.1 MPH)
|
Batting: RHB David Filmer
|
0-0: Ball 1-0: Called Strike 1-1: Fly out, F6 (Popup, 56, EV 74.4 MPH)
|
Bottom of the 2nd over - 0 runs, 1 hit, 0 errors, 1 left on base; Virginia Beach 0 - St. Petersburg 0 |
TOP OF THE 3RD |
Virginia Beach Whales batting - Pitching for St. Petersburg Thunder : RHP Héctor Marroquín
|
Batting: RHB Dan Pike
|
0-0: Ball 1-0: Ball 2-0: Ball 3-0: Called Strike 3-1: Ground out 6-3 (Groundball, 6, EV 100.0 MPH)
|
Batting: RHB Daniel MacKinder
|
0-0: Called Strike 0-1: Ball 1-1: Ball 2-1: Swinging Strike 2-2: Strikes out swinging
|
Batting: LHB Kalino Iolana
|
0-0: Ground out 4-3 (Groundball, 4, EV 89.4 MPH)
|
Top of the 3rd over - 0 runs, 0 hits, 0 errors, 0 left on base; Virginia Beach 0 - St. Petersburg 0 |
BOTTOM OF THE 3RD |
St. Petersburg Thunder batting - Pitching for Virginia Beach Whales : LHP Remco Mansvelt
|
Batting: SHB Tekkan Hayagawa
|
0-0: Fly out, F3 (Line Drive, 3, EV 68.1 MPH)
|
Batting: SHB Leonard Davis
|
0-0: Called Strike 0-1: Ball 1-1: SINGLE (Flyball, 78S, EV 91.2 MPH)
|
Batting: RHB Alfred Coleman
|
0-0: Ball 1-0: Called Strike 1-1: Ball 2-1: Foul Ball, location: 2F 2-2: Foul Ball, location: 2F 2-2: Foul Ball, location: 2F 2-2: Foul Ball, location: 2F 2-2: Foul Ball, location: 2F 2-2: Grounds into double play, 6-4-3 (Groundball, 6MS, EV 83.8 MPH)
|
Bottom of the 3rd over - 0 runs, 1 hit, 0 errors, 0 left on base; Virginia Beach 0 - St. Petersburg 0 |
TOP OF THE 4TH |
Virginia Beach Whales batting - Pitching for St. Petersburg Thunder : RHP Héctor Marroquín
|
Batting: RHB Óscar Cardozo
|
0-0: Ball 1-0: Swinging Strike 1-1: Fly out, F3 (Popup, 3SF, EV 75.0 MPH)
|
Batting: RHB Paul Pitts
|
0-0: Called Strike 0-1: Fly out, F8 (Flyball, 8RM, EV 78.1 MPH)
|
Batting: RHB Juan Oleastro
|
0-0: Foul Ball, location: 2F 0-1: Ball 1-1: Ball 2-1: Swinging Strike 2-2: SINGLE (Line Drive, 9S, EV 92.5 MPH)
|
Batting: LHB Asberry Harpending
|
0-0: Ball Wild Pitch! Juan Oleastro to second 1-0: Called Strike 1-1: Ball 2-1: Called Strike 2-2: Ball 3-2: Ground out U3 (Groundball, 3, EV 86.2 MPH)
|
Top of the 4th over - 0 runs, 1 hit, 0 errors, 1 left on base; Virginia Beach 0 - St. Petersburg 0 |
BOTTOM OF THE 4TH |
St. Petersburg Thunder batting - Pitching for Virginia Beach Whales : LHP Remco Mansvelt
|
Batting: RHB Patrício Gerardes
|
0-0: Ball 1-0: Foul Ball, location: 2F 1-1: Called Strike 1-2: SINGLE (Groundball, 4MD, EV 103.8 MPH)
|
Batting: RHB António Hierro
|
0-0: Ball 1-0: Called Strike 1-1: 2-RUN HOME RUN (Flyball, 7LD, EV 101.2 MPH), Distance : 344 ft
|
Batting: SHB Fernando Urby
|
0-0: Ball 1-0: Foul Ball, location: 2F 1-1: Ground out 6-3 (Groundball, 6, EV 86.2 MPH)
|
Batting: RHB Juan Guzmán
|
0-0: Called Strike 0-1: SINGLE (Groundball, 56D, EV 96.9 MPH)
|
Batting: LHB Caspar Fewings
|
0-0: Called Strike 0-1: Ball 1-1: Foul Ball, location: 2F 1-2: Strikes out swinging
|
Batting: RHB David Filmer
|
0-0: Called Strike 0-1: Ball 1-1: Foul Ball, location: 2F 1-2: Ball 2-2: Fielders Choice at 2nd, 5-4 (Groundball, 56, EV 85.6 MPH)
|
Bottom of the 4th over - 2 runs, 3 hits, 0 errors, 1 left on base; Virginia Beach 0 - St. Petersburg 2 |
TOP OF THE 5TH |
Virginia Beach Whales batting - Pitching for St. Petersburg Thunder : RHP Héctor Marroquín
|
Batting: RHB Nick Harper
|
0-0: Ball 1-0: Ball 2-0: Called Strike 2-1: Ball 3-1: Swinging Strike 3-2: Ground out 1-3 (Groundball, P, EV 81.2 MPH)
|
Batting: RHB Jessie Gibbs
|
0-0: Called Strike 0-1: Ball 1-1: Called Strike 1-2: Ball 2-2: Ball 3-2: Foul Ball, location: 2F 3-2: Fly out, F8 (Line Drive, 8LM, EV 99.4 MPH)
|
Batting: RHB Dan Pike
|
0-0: Ball 1-0: Fly out, F3 (Popup, 34S, EV 71.9 MPH)
|
Top of the 5th over - 0 runs, 0 hits, 0 errors, 0 left on base; Virginia Beach 0 - St. Petersburg 2 |
BOTTOM OF THE 5TH |
St. Petersburg Thunder batting - Pitching for Virginia Beach Whales : LHP Remco Mansvelt
|
Batting: SHB Tekkan Hayagawa
|
0-0: Ball 1-0: Called Strike 1-1: Ball 2-1: Ball 3-1: Base on Balls
|
Batting: SHB Leonard Davis
|
0-0: Foul Ball, location: 2F 0-1: Ball 1-1: Ball 2-1: Fielders Choice at 2nd, 3-6 (Groundball, 3, EV 100.6 MPH)
|
Batting: RHB Alfred Coleman
|
0-0: Ball 1-0: SINGLE (Groundball, 56D, EV 104.4 MPH) Leonard Davis to second
|
Pitching: LHP Bu-wei Zhenya
|
|
Batting: RHB Patrício Gerardes
|
0-0: Called Strike 0-1: Foul Ball, location: 2F 0-2: Ball 1-2: Ball 2-2: Ball 3-2: Fly out, F4 (Popup, 4MD, EV 50.0 MPH)
|
Batting: RHB António Hierro
|
0-0: Called Strike 0-1: Called Strike 0-2: Strikes out swinging
|
Bottom of the 5th over - 0 runs, 1 hit, 0 errors, 2 left on base; Virginia Beach 0 - St. Petersburg 2 |
TOP OF THE 6TH |
Virginia Beach Whales batting - Pitching for St. Petersburg Thunder : RHP Héctor Marroquín
|
Batting: RHB Daniel MacKinder
|
0-0: Called Strike 0-1: Fly out, F6 (Popup, 15, EV 76.2 MPH)
|
Batting: LHB Kalino Iolana
|
0-0: Called Strike 0-1: Ball 1-1: SINGLE (Groundball, 5D, EV 95.6 MPH)
|
Batting: RHB Óscar Cardozo
|
0-0: Called Strike 0-1: Ball 1-1: Foul Ball, location: 2F 1-2: Ball 2-2: Fly out, F7 (Flyball, 7D, EV 92.5 MPH)
|
Batting: RHB Paul Pitts
|
0-0: Ball 1-0: Ball 2-0: SINGLE (Groundball, 56D, EV 105.6 MPH) Kalino Iolana to second Runner from 2nd tries for 3rd, SAFE, throw by LF made to third
|
Batting: RHB Juan Oleastro
|
0-0: Ball 1-0: Ball 2-0: Fielders Choice at 2nd, U6 (Groundball, 6M, EV 100.6 MPH)
|
Top of the 6th over - 0 runs, 2 hits, 0 errors, 2 left on base; Virginia Beach 0 - St. Petersburg 2 |
BOTTOM OF THE 6TH |
St. Petersburg Thunder batting - Pitching for Virginia Beach Whales : LHP Bu-wei Zhenya
|
Batting: SHB Fernando Urby
|
0-0: Ground out 6-3 (Groundball, 6, EV 107.5 MPH)
|
Batting: RHB Juan Guzmán
|
0-0: Fly out, F8 (Flyball, 8RS, EV 91.9 MPH)
|
Batting: LHB Caspar Fewings
|
0-0: Ball 1-0: Ground out 6-3 (Groundball, 6S, EV 72.5 MPH)
|
Bottom of the 6th over - 0 runs, 0 hits, 0 errors, 0 left on base; Virginia Beach 0 - St. Petersburg 2 |
TOP OF THE 7TH |
Virginia Beach Whales batting - Pitching for St. Petersburg Thunder : RHP Héctor Marroquín
|
Pitching: RHP Charlie Bottari
|
|
Batting: LHB Asberry Harpending
|
0-0: Ball 1-0: Ball 2-0: Ball 3-0: Base on Balls
|
Batting: RHB Nick Harper
|
0-0: Ball 1-0: Bunt missed! 1-1: Bunt missed! 1-2: Ball 2-2: Ball 3-2: Fielders Choice at 2nd, 5-4 (Groundball, 56S, EV 78.8 MPH)
|
Batting: RHB Jessie Gibbs
|
0-0: 2-RUN HOME RUN (Flyball, 78XD, EV 99.4 MPH), Distance : 424 ft
|
Batting: RHB Dan Pike
|
0-0: Swinging Strike 0-1: Fly out, F7 (Flyball, 78S, EV 86.9 MPH)
|
Batting: RHB Daniel MacKinder
|
0-0: Ball 1-0: Foul Ball, location: 2F 1-1: Ball 2-1: Ground out 5-3 (Groundball, 5, EV 99.4 MPH)
|
Top of the 7th over - 2 runs, 1 hit, 0 errors, 0 left on base; Virginia Beach 2 - St. Petersburg 2 |
BOTTOM OF THE 7TH |
St. Petersburg Thunder batting - Pitching for Virginia Beach Whales : LHP Bu-wei Zhenya
|
Batting: RHB David Filmer
|
0-0: Foul Ball, location: 2F 0-1: Ball 1-1: DOUBLE (Flyball, 78XD, EV 106.9 MPH)
|
Batting: SHB Tekkan Hayagawa
|
0-0: Called Strike 0-1: Ground out 6-3 (Groundball, 6, EV 80.6 MPH) David Filmer to third
|
Batting: SHB Leonard Davis
|
0-0: Foul Ball, location: 2F 0-1: Swinging Strike 0-2: Ball 1-2: Ground out 6-3 (Groundball, 6, EV 80.0 MPH)
|
Batting: RHB Alfred Coleman
|
0-0: Ball 1-0: Foul Ball, location: 2F 1-1: Fly out, F3 (Line Drive, 3, EV 72.5 MPH)
|
Bottom of the 7th over - 0 runs, 1 hit, 0 errors, 1 left on base; Virginia Beach 2 - St. Petersburg 2 |
TOP OF THE 8TH |
Virginia Beach Whales batting - Pitching for St. Petersburg Thunder : RHP Charlie Bottari
|
Batting: LHB Kalino Iolana
|
0-0: Ball 1-0: Ball 2-0: Swinging Strike 2-1: Foul Ball, location: 2F 2-2: SOLO HOME RUN (Flyball, 9LD, EV 95.6 MPH), Distance : 352 ft
|
Pitching: RHP Lester Broughton
|
|
Batting: RHB Óscar Cardozo
|
0-0: Called Strike 0-1: Foul Ball, location: 2F 0-2: Strikes out swinging
|
Batting: RHB Paul Pitts
|
0-0: Ball 1-0: Called Strike 1-1: Swinging Strike 1-2: Ball 2-2: Ball 3-2: Foul Ball, location: 2F 3-2: Fly out, F9 (Flyball, 89M, EV 82.5 MPH)
|
Batting: RHB Juan Oleastro
|
0-0: Called Strike 0-1: Foul Ball, location: 2F 0-2: Fly out, F7 (Flyball, 7S, EV 81.9 MPH)
|
Top of the 8th over - 1 run, 1 hit, 0 errors, 0 left on base; Virginia Beach 3 - St. Petersburg 2 |
BOTTOM OF THE 8TH |
St. Petersburg Thunder batting - Pitching for Virginia Beach Whales : LHP Bu-wei Zhenya
|
Batting: RHB Patrício Gerardes
|
0-0: SOLO HOME RUN (Flyball, 78XD, EV 106.9 MPH), Distance : 405 ft
|
Batting: RHB António Hierro
|
0-0: Ball 1-0: Fly out, F9 (Flyball, 89D, EV 104.4 MPH)
|
Batting: SHB Fernando Urby
|
0-0: Ball 1-0: Ball 2-0: Called Strike 2-1: Foul Ball, location: 2F 2-2: SINGLE (Line Drive, 3D, EV 95.6 MPH)
|
Batting: RHB Juan Guzmán
|
0-0: Swinging Strike 0-1: Sac Bunt to 5S - play at second, runner OUT! 5-6
|
Batting: LHB Caspar Fewings
|
0-0: Ball 1-0: Ball 2-0: Ball 3-0: Base on Balls Juan Guzmán to second
|
Batting: RHB David Filmer
|
0-0: Foul Ball, location: 2F 0-1: Swinging Strike 0-2: Ball 1-2: Ground out 1-3 (Groundball, 13S, EV 68.1 MPH)
|
Bottom of the 8th over - 1 run, 2 hits, 0 errors, 2 left on base; Virginia Beach 3 - St. Petersburg 3 |
TOP OF THE 9TH |
Virginia Beach Whales batting - Pitching for St. Petersburg Thunder : RHP Lester Broughton
|
Pitching: LHP Benny Berry
|
|
Batting: LHB Asberry Harpending
|
0-0: Foul Ball, location: 2F 0-1: Ball 1-1: Ball 2-1: Ball 3-1: SINGLE (Line Drive, 7LS, EV 101.2 MPH)
|
Batting: RHB Nick Harper
|
0-0: Ball 1-0: Foul Ball, location: 2F 1-1: Ball 2-1: Ball 3-1: Bunted foul 3-2: Strikes out swinging
|
Batting: RHB Jessie Gibbs
|
0-0: DOUBLE (Flyball, 8RXD, EV 110.6 MPH) Asberry Harpending to third
|
Batting: RHB Dan Pike
|
0-0: Called Strike 0-1: Ball 1-1: Ball 2-1: Ball 3-1: Base on Balls
|
Batting: RHB Daniel MacKinder
|
0-0: Ball 1-0: Ball 2-0: Ball 3-0: Called Strike 3-1: Foul Ball, location: 2F 3-2: SINGLE (Groundball, 56, EV 99.4 MPH) Asberry Harpending scores Jessie Gibbs to third Dan Pike to second
|
Batting: LHB Kalino Iolana
|
0-0: Ball 1-0: Ball 2-0: Foul Ball, location: 2F 2-1: SINGLE (Groundball, P, EV 70.6 MPH) (infield hit) Jessie Gibbs scores Dan Pike to third Daniel MacKinder to second
|
Batting: RHB Óscar Cardozo
|
0-0: Fly out, F8 (Line Drive, 8RD, EV 93.1 MPH) Runner from 3rd tags up, SCORES, no throw by CF
|
Batting: RHB Paul Pitts
|
0-0: Ball 1-0: Called Strike 1-1: Called Strike 1-2: Foul Ball, location: 2F 1-2: Ball 2-2: Strikes out swinging
|
Top of the 9th over - 3 runs, 4 hits, 0 errors, 2 left on base; Virginia Beach 6 - St. Petersburg 3 |
BOTTOM OF THE 9TH |
St. Petersburg Thunder batting - Pitching for Virginia Beach Whales : LHP Bu-wei Zhenya
|
Pitching: RHP Martin Rumbolt
|
|
Batting: SHB Tekkan Hayagawa
|
0-0: Ball 1-0: Fly out, F9 (Line Drive, 9, EV 108.1 MPH)
|
Batting: SHB Leonard Davis
|
0-0: Called Strike 0-1: Ball 1-1: Fly out, F9 (Line Drive, 9D, EV 91.9 MPH)
|
Batting: RHB Alfred Coleman
|
0-0: SINGLE (Groundball, 4D, EV 95.6 MPH)
|
Batting: RHB Patrício Gerardes
|
0-0: Fly out, F9 (Flyball, 9LM, EV 99.4 MPH)
|
Bottom of the 9th over - 0 runs, 1 hit, 0 errors, 1 left on base; Virginia Beach 6 - St. Petersburg 3 |
|